 Dungeon Crawl Stone Soup version 0.31-a0-145-g046c7d2549 (webtiles) character file.

Game seed: 10245262805637377362

107 2FriedEggs the Slasher (level 4, -2/31 HPs)
             Began as an Octopode Monk on June 6, 2023.
             Killed from afar by Natasha (8 damage)
             ... with a magic dart
             ... on level 2 of the Dungeon.
             The game lasted 00:02:00 (1602 turns).

2FriedEggs the Slasher (Octopode Monk)              Turns: 1602, Time: 00:02:01

Health: -2/31      AC:  1    Str: 10    XL:     4   Next: 85%
Magic:  4/4        EV: 14    Int: 12    God:
Gold:   83         SH:  0    Dex: 16    Spells: 3/3 levels left

rFire   . . .        a - +0 falchion
rCold   . . .        c - orb {light}
rNeg    . . .        (helmet restricted)
rPois   .            (no amulet)
rElec   .            (no ring)
rCorr   .            (no ring)
SInv    .            (no ring)
Will    .....        (no ring)
Stlth   +            (no ring)
HPRegen 0.25/turn    (no ring)
MPRegen 0.09/turn    (no ring)
                     (no ring)

%: no passive effects
@: glowing
A: almost no armour, amphibious, 8 rings, camouflage 1, gelatinous body 1,
(nimble swimmer 1), tentacles
a: no special abilities


You were on level 2 of the Dungeon.
You visited 1 branch of the dungeon, and saw 3 of its levels.

You collected 83 gold pieces.

Inventory:

Hand Weapons
 a - a +0 falchion (weapon)
Missiles
 h - 3 datura-tipped darts (quivered)
Armour
 c - an orb of light (worn)
Scrolls
 d - 2 scrolls of identify {unknown}
 e - 4 scrolls of teleportation {unknown}
 f - a scroll of fog {unknown}
Potions
 b - a potion of ambrosia
 g - 3 potions of curing
 i - 2 potions of brilliance {unknown}


   Skills:
 - Level 3.0 Fighting
 * Level 4.7 Long Blades
 + Level 3.9 Dodging


You had 3 spell levels left.
You didn't know any spells.
Your spell library contained the following spells:

 Spells                   Type           Power      Damage    Failure   Level
 Portal Projectile        Hex/Tloc       0%         N/A       69%         3
 Tukima's Dance           Hex            0%         N/A       69%         3
 Blade Hands              Tmut           0%         N/A       100%        5


Dungeon Overview and Level Annotations

Branches:
Dungeon (3/15)

Altars:

Annotations:
D:2 Natasha


Innate Abilities, Weirdness & Mutations

You cannot wear most types of armour.
You are amphibious.
You can wear up to eight rings at the same time.
Your skin changes colour to match your surroundings (Stealth+).
Your rubbery body absorbs attacks. (AC +1, EV +1)
((You are camouflaged when in or above water. (Stealth+)))
You have tentacles for arms and can constrict up to eight enemies at once.


Message History

Unknown command.
Items here: ))) ††.
Natasha stares at you and mumbles some strange words.
The magic dart hits you!
* * * LOW HITPOINT WARNING * * *
Things that are here:
a +0 dagger; a rat corpse Unknown command.
You aren't carrying any items that you can evoke.
It was a potion of curing.
You feel better.
Unknown command.
Natasha attacks as you move away! Natasha barely misses you.
Natasha howls an incantation.
Natasha's front paws start to glow.
The goblin shoots a sling bullet.
The sling bullet closely misses you.
Natasha growls.
Natasha barely misses you. Natasha attacks as you move away!
Natasha barely misses you.
Natasha howls an incantation.
You feel troubled.
There is a stone staircase leading up here.
Natasha claws you.
You climb upwards.
The cerulean imp disappears in a puff of smoke!
Reactivating autopickup.
There is a stone staircase leading down here.
You hit Natasha. Your grab misses Natasha.
Your tentacle-slap misses Natasha.
Natasha is moderately wounded.
Natasha casts a spell.
You hit Natasha. You grab Natasha.
Natasha is heavily wounded.
You constrict Natasha. Natasha claws you.
The cerulean imp hits you from afar with a +1 spear.
* * * LOW HITPOINT WARNING * * *
You hit Natasha but do no damage.
Natasha is heavily wounded.
You constrict Natasha. Natasha casts a spell at you. The magic dart hits you!
You die...

#........#.# #....## #..
#........#.### #.#### ####..
#........#.).####.# #.....
###........###.##...# #.###.
#..........# #..#.### #.# #.
#..........# ##...# #.# #.
#..........#####.## #.####
#.......(..##....###########.....
#..........##...@................
#..........##.5h.###########.....
#..........####### ######
#..........# #########
#..........# #........
#<.........# #........
############ #........ .......#
#........ .......# #........


You could see Natasha and a cerulean imp (summoned).

Vanquished Creatures
  An orc priest (D:3)
  An adder (D:2)
  A worm (D:2)
  A dart slug (D:2)
  An orc (D:3)
  3 endoplasms
  8 goblins
  5 hobgoblins
  7 jackals (D:1)
  6 kobolds
  4 quokkas
  7 ball pythons
  4 bats
  5 frilled lizards
  5 rats
59 creatures vanquished.

Notes
Turn   | Place    | Note
-------+----------+-------------------------------------------
     0 | D:1      | 2FriedEggs the Octopode Monk began the quest for the Orb.
     0 | D:1      | Reached XP level 1. HP: 16/16 MP: 1/1
    43 | D:1      | Reached XP level 2. HP: 19/21 MP: 2/2
   403 | D:1      | Reached XP level 3. HP: 26/26 MP: 3/3
   936 | D:2      | Reached skill level 4 in Long Blades
  1147 | D:2      | Reached XP level 4. HP: 31/31 MP: 4/4
  1562 | D:3      | Noticed Natasha
  1602 | D:2      | Killed from afar by Natasha

Illustrated notes

Levels and vault maps discovered:
D:1:      dpeg_arrival_rhombus, layout_loops_cross, serial_bayou_ford_a
D:2:      layout_basic, chequers_serial_rivers_marsh, minmay_diced_spiral
D:3:      layout_loops_ring, amcnicky_altar_gilded, xom_butterflies,
          shapermc_ecumenical_altar_mp_vishouse, uniq_natasha, uniq_jessica,
          uniq_robin

Skill      XL: |  1  2  3 |
---------------+----------+-----
Long Blades    | 4 |  4.7
Fighting       | |  3.0
Dodging        | |  3.9

Action                     |  1- 3 |  4- 6 || total
---------------------------+-------+-------++-------
  Melee: Falchion          |    66 |    30 ||    96
         Constrict         |    22 |     8 ||    30
         Tentacles         |     9 |     4 ||    13
         Punch             |     2 |       ||     2
    Use: Potion            |       |     1 ||     1
   Stab: Sleeping          |     1 |       ||     1
 Armour: Skin              |     5 |     1 ||     6
  Dodge: Dodged            |    46 |    14 ||    60

Table legend: (Time is in decaauts)
 A = Elapsed time spent in this place.
 B = Non-inter-level travel time spent in this place.
 C = Inter-level travel time spent in this place.
 D = Time resting spent in this place.
 E = Time spent auto-exploring this place.
 F = Levels seen in this place.
 G = Mean time per level.
                   A        B        C        D        E       F      G
               +--------+--------+--------+--------+--------+-----+--------+
         Total |   1612 |   1519 |     93 |      4 |   1229 |   3 |  537.3 |
       Dungeon |   1612 |   1519 |     93 |      4 |   1229 |   3 |  537.3 |
               +--------+--------+--------+--------+--------+-----+--------+

Top non-repeatable levels by time:
     D:1: 827 daAuts
     D:2: 731 daAuts
     D:3: 53 daAuts
